 Dungeon Crawl Stone Soup version 0.30-a0-1075-gcd70e7a56d (webtiles) character file.

Game seed: 13925929887703812130

161 bmack86 the Trooper (level 5, 0/47 HPs)
             Began as a Minotaur Fighter on Apr 14, 2023.
             Succumbed to an adder's poison
             ... on level 4 of the Dungeon.
             The game lasted 00:07:09 (2384 turns).

bmack86 the Trooper (Minotaur Fighter)              Turns: 2384, Time: 00:07:09

Health: 0/47       AC:  7    Str: 23    XL:     5   Next: 18%
Magic:  4/4        EV:  9    Int:  5    God:
Gold:   1079       SH:  5    Dex:  9    Spells: 4/4 levels left

rFire   . . .      SeeInvis .    a - +0 war axe
rCold   . . .      Faith    .    c - +1 buckler
rNeg    . . .      Spirit   .    b - +0 scale mail
rPois   .          Reflect  .    (helmet restricted)
rElec   .          Rampage  .    (no cloak)
rCorr   .                        (no gloves)
Will    .....                    (no boots) Stlth
                                 (no amulet)
HPRegen 0.27/turn                (no ring)
MPRegen 0.09/turn                (no ring)

@: lethally poisoned (0 -> -7)
A: horns 2, retaliatory headbutt
a: no special abilities


You were on level 4 of the Dungeon.
You visited 1 branch of the dungeon, and saw 4 of its levels.

You collected 1079 gold pieces.

Inventory:

Hand Weapons
 a - a +0 war axe (weapon)
Missiles
 f - a throwing net
 t - 3 silver boomerangs (quivered)
 u - 6 poisoned darts
Armour
 b - a +0 scale mail (worn)
 c - a +1 buckler (worn)
Jewellery
 e - a ring of wizardry
 v - an amulet of magic regeneration
Wands
 s - a wand of iceblast (5)
Scrolls
 l - a scroll of enchant armour
 n - a scroll of blinking {unknown}
 o - a scroll of teleportation {unknown}
 q - a scroll of enchant weapon {unknown}
Potions
 g - a potion of brilliance
 h - a potion of heal wounds
 i - 2 potions of lignification
 m - a potion of mutation
 p - a potion of ambrosia
 r - a potion of berserk rage {unknown}


   Skills:
 + Level 4.3 Fighting
 * Level 4.3 Axes
 + Level 1.8 Throwing
 + Level 4.3 Armour
 + Level 4.3 Shields


You had 4 spell levels left.
You didn't know any spells.
Your spell library contained the following spells:

 Spells                   Type           Power      Damage    Failure   Level
 Gell's Gravitas          Tloc           0%         N/A       99%         3
 Teleport Other           Tloc           0%         N/A       99%         3
 Dispersal                Tloc           0%         N/A       100%        6


Dungeon Overview and Level Annotations

Branches:
Dungeon (4/15)
 Temple: D:4-7

Altars:
Nemelex Xobeh

Annotations:
D:4 Pikel


Innate Abilities, Weirdness & Mutations

You have a pair of horns on your head.
You reflexively headbutt those who attack you in melee.


Message History

You kill the endoplasm!
The lemure hits you. The lemure closely misses you. You furiously retaliate!
You headbutt the lemure. You block the lemure's attack.
The lemure closely misses you.
Pikel hits you with a +2 whip of flaming!
* * * LOW HITPOINT WARNING * * *
Pikel burns you.
* * * LOW HITPOINT WARNING * * *
The lemure closely misses you. You furiously retaliate!
You headbutt the lemure!
You kill the lemure!
That felt strangely unrewarding.
The lemure hits you but does no damage. You block the lemure's attack.
You hit Pikel but do no damage. Your headbutt misses Pikel.
Pikel is moderately wounded.
You hit the lemure but do no damage. You slash the lemure! You hit the lemure.
The adder bites you but does no damage. You block the lemure's attack.
You block Pikel's attack. The lemure hits you.
* * * LOW HITPOINT WARNING * * *
The lemure closely misses you. You furiously retaliate!
You headbutt the lemure! You hit Pikel. You headbutt Pikel.
Pikel is heavily wounded.
You hit the lemure but do no damage. You slash the lemure!
You hit the lemure but do no damage. You closely miss the adder.
The adder bites you.
* * * LOW HITPOINT WARNING * * *
You are lethally poisoned!
The adder poisons you! The lemure barely misses you. You furiously retaliate!
You headbutt the lemure. You block Pikel's attack.
The lemure closely misses you. You furiously retaliate!
You headbutt the lemure!
You kill the lemure!
That felt strangely unrewarding.
The lemure hits you but does no damage. The adder bites you but does no damage.
You miss Pikel. Your headbutt misses Pikel.
Pikel is heavily wounded.
You miss the adder. You hit the lemure but do no damage. You hit the hobgoblin.
You hit the lemure.
You die...

##### # ..#.. .#
#####.#.# ###.#
...#.#.## #...
#####.#.#..######.# #
#........⌠.⌠|.....#.#
#.###.#..._.......#.#
#...K.#.#⌠.⌠..###.#.#
##.#..5@##.##....#
#.#.#
......g5S..###...#
#.#.# ........####
#...# #.#.# .....#.$.
....# #.#.#
.....#.... .....#
#>#.# ....
#...........# #....
... #...... #.... ...
#....... #....
#........ #....


You could see Pikel, 2 lemures, an adder and a hobgoblin.

Vanquished Creatures
  2 lemures (D:4)
  Terence (D:2)
  Natasha (thrice) (D:2)
  An adder (D:3)
  6 orcs (D:3)
  5 endoplasms
  2 giant cockroaches (D:1)
  4 goblins
  2 hobgoblins
  4 quokkas
  3 ball pythons
  5 bats
  2 frilled lizards
  5 kobolds
  7 rats
52 creatures vanquished.

Notes
Turn   | Place    | Note
-------+----------+-------------------------------------------
     0 | D:1      | bmack86 the Minotaur Fighter began the quest for the Orb.
     0 | D:1      | Reached XP level 1. HP: 19/19 MP: 0/0
   337 | D:1      | Found a faded altar of an unknown god.
   376 | D:1      | Reached XP level 2. HP: 25/27 MP: 1/1
  1052 | D:2      | Noticed Terence
  1063 | D:2      | Killed Terence
  1064 | D:2      | Reached skill level 1 in Throwing
  1064 | D:2      | Reached XP level 3. HP: 8/33 MP: 2/2
  1076 | D:2      | Noticed Natasha
  1081 | D:2      | Killed Natasha
  1082 | D:2      | Reached XP level 4. HP: 6/40 MP: 3/3
  1313 | D:2      | Noticed Natasha
  1323 | D:2      | Killed Natasha
  1492 | D:2      | Noticed Natasha
  1497 | D:2      | Killed Natasha
  1855 | D:3      | Reached XP level 5. HP: 17/46 MP: 4/4
  2333 | D:4      | Identified a scroll of acquirement
  2333 | D:4      | Acquired 885 gold pieces
  2355 | D:4      | Found a sparkling altar of Nemelex Xobeh.
  2367 | D:4      | Noticed a lemure
  2368 | D:4      | Noticed Pikel
  2368 | D:4      | Noticed a lemure
  2375 | D:4      | Noticed a lemure
  2375 | D:4      | Noticed a lemure
  2381 | D:4      | Killed a lemure
  2383 | D:4      | HP: 2/47 [adder (3)]
  2383 | D:4      | Killed a lemure
  2384 | D:4      | Succumbed to an adder's poison

Illustrated notes

Levels and vault maps discovered:
D:1:      spicycebolla_arrival_xxxplode, layout_basic,
          ebering_ecumenical_altar_sacrificial
D:2:      layout_basic, uniq_terence, uniq_natasha
D:3:      layout_rooms
D:4:      layout_basic, nemelex_xobeh_ov_fountains_minmay, uniq_pikel,
          uniq_sigmund, uniq_edmund, uniq_blork_the_orc

Skill      XL: |  1  2  3  4 |
---------------+-------------+-----
Axes           | 3 4 |  4.3
Fighting       | 4 |  4.3
Throwing       | 1 |  1.8
Armour         | 4 |  4.3
Shields        | 4 |  4.3

Action                     |  1- 3 |  4- 6 || total
---------------------------+-------+-------++-------
  Melee: War axe           |    47 |    50 ||    97
         Headbutt          |     7 |     8 ||    15
    Use: Scroll            |     2 |     9 ||    11
         Potion            |     1 |     1 ||     2
 Armour: Scale mail        |    20 |    45 ||    65
  Dodge: Dodged            |    23 |    43 ||    66
  Block: Buckler           |     5 |    14 ||    19

Table legend: (Time is in decaauts)
 A = Elapsed time spent in this place.
 B = Non-inter-level travel time spent in this place.
 C = Inter-level travel time spent in this place.
 D = Time resting spent in this place.
 E = Time spent auto-exploring this place.
 F = Levels seen in this place.
 G = Mean time per level.
                   A        B        C        D        E       F      G
               +--------+--------+--------+--------+--------+-----+--------+
         Total |   2417 |   2361 |     56 |    262 |   1411 |   4 |  604.2 |
       Dungeon |   2417 |   2361 |     56 |    262 |   1411 |   4 |  604.2 |
               +--------+--------+--------+--------+--------+-----+--------+

Top non-repeatable levels by time:
     D:2: 1054 daAuts
     D:1: 782 daAuts
     D:3: 524 daAuts
     D:4: 55 daAuts
